 Dungeon Crawl Stone Soup version 0.22.1-2-g9c5b331383 (webtiles) character file.

683861 Peloso the Minotaur Barricade (level 27, -1/300 HPs)
             Began as a Minotaur Fighter on Dec 7, 2018.
             Was the Champion of Okawaru.
             Killed from afar by a golden dragon (15 damage)
             ... with a bolt of fire
             ... on level 2 of the Realm of Zot.
             The game lasted 04:46:22 (89301 turns).

Peloso the Minotaur Barricade (Minotaur Fighter)   Turns: 89301, Time: 04:46:22

Health: -1/300     AC: 46    Str: 42    XL:     27
Magic:  25/25      EV: 25    Int:  8    God:    Okawaru [******]
Gold:   3814       SH: 24    Dex: 30    Spells: 26/26 levels left

rFire    + . .     SeeInvis +   b - +6 scimitar "Etoiw" {freeze, rPois MP-9 Str+4}
rCold    + + .     Gourm    .   v - +2 shield "Eladdume" {Str+3 SInv}
rNeg     . . .     Faith    .   H - +9 plate armour of Restlessness {rElec MR+ Dex+4}
rPois    +         Spirit   .   r - +0 hat {SInv}
rElec    +         Reflect  .   m - +1 cloak {MR+}
rCorr    +         Harm     .   B - +2 pair of gloves {Dex+3}
MR       ++++.     Clarity  +   Q - +0 pair of boots of Eriwarghy {rElec MP+9 Str+3 Stlth+}
Stlth    +.........             e - amulet of Zuup {Regen+ Dex+4}
HPRegen  1.00/turn              i - ring of Quggausch {Int+3 Dex+4}
MPRegen  0.19/turn              U - ring of the Good {AC+3 Str+3}

@: resistant, berserk cooldown, very slightly contaminated, slowed, invisible,
very slow
A: retaliatory headbutt, horns 2, repulsion field 1, thin metallic scales 1,
clarity, cold resistance 1, robust 1, shaggy fur 1
}: 4/15 runes: barnacled, slimy, silver, gossamer
a: Heroism, Finesse, Renounce Religion


You were on level 2 of the Realm of Zot.
You worshipped Okawaru.
Okawaru was exalted by your worship.
You were not hungry.

You visited 12 branches of the dungeon, and saw 55 of its levels.
You visited the Abyss 1 time.
You also visited: Bailey, Ice Cave and Wizlab.

You collected 7871 gold pieces.
You spent 4057 gold pieces at shops.

Inventory:

Hand Weapons
 a - a +2 double sword of flaming
 b - the +6 scimitar "Etoiw" (weapon) {freeze, rPois MP-9 Str+4}
   (You bought it in a shop on level 2 of the Shoals)

   It has been specially enchanted to freeze those struck by it, causing extra
   injury to most foes and up to half again as much damage against particularly
   susceptible opponents.
   It can also slow down cold-blooded creatures.
   It affects your strength (+4).
   It protects you from poison.
   It affects your magic capacity (-9).
 w - a +1 double sword of draining
 J - the +10 zealot's sword {holy, *Rage rN+ EV+3}
   (You found it on level 4 of the Shoals)

   It has been blessed by the Shining One to cause great damage to the undead
   and demons.
   It affects your evasion (+3).
   It protects you from negative energy.
   It may make you go berserk in combat.
 L - the +5 falchion "Aweppij" {slice, rC+ MP+9 Int+5}
   (Okawaru gifted it to you on level 1 of the Realm of Zot)

   It inflicts extra damage upon your enemies.
   It affects your intelligence (+5).
   It protects you from cold.
   It affects your magic capacity (+9).
Missiles
 S - 47 bolts
Armour
 g - a scarf of resistance
 m - a +1 cloak of magic resistance (worn)
 r - a +0 hat of see invisible (worn)
 v - the +2 shield "Eladdume" (worn) {Str+3 SInv}
   (Okawaru gifted it to you on level 15 of the Dungeon)

   It affects your strength (+3).
   It lets you see invisible.
 B - a +2 pair of gloves of dexterity (worn)
 F - +0 shadow dragon scales
 H - the +9 plate armour of Restlessness (worn) {rElec MR+ Dex+4}
   (Okawaru gifted it to you on level 2 of the Vaults)

   It affects your dexterity (+4).
   It insulates you from electricity.
   It affects your resistance to hostile enchantments.
 M - the +0 plate armour "Reol" {rPois rCorr Int+6}
   (You found it on level 3 of the Crypt)

   It affects your intelligence (+6).
   It protects you from poison.
   It provides partial protection from all sources of acid and corrosion.
 N - +0 storm dragon scales
 Q - the +0 pair of boots of Eriwarghy (worn) {rElec MP+9 Str+3 Stlth+}
   (Okawaru gifted it to you on level 3 of the Vaults)

   It affects your strength (+3).
   It insulates you from electricity.
   It affects your magic capacity (+9).
   It makes you more stealthy.
 V - quicksilver dragon scales
 W - a +2 pair of boots of running
Jewellery
 c - an uncursed ring of see invisible
 e - the amulet of Zuup (around neck) {Regen+ Dex+4}
   (You took it off a deep elf annihilator on level 3 of the Depths)

   [amulet of regeneration]

   It affects your dexterity (+4).
   It increases your rate of regeneration.
 i - the ring of Quggausch (left hand) {Int+3 Dex+4}
   (You found it on level 5 of the Pits of Slime)

   [ring of intelligence]

   It affects your intelligence (+3).
   It affects your dexterity (+4).
 l - a +1 ring of protection
 o - an uncursed ring of flight
 x - the ring of Rovenn {rCorr Dex+4}
   (You acquired it on level 4 of the Depths)

   [ring of resist corrosion]

   It affects your dexterity (+4).
 A - an uncursed ring of protection from fire
 U - the ring of the Good (right hand) {AC+3 Str+3}
   (You found it on level 3 of the Shoals)

   [ring of protection]

   It affects your AC (+3).
   It affects your strength (+3).
Wands
 s - a wand of flame (17)
 I - a wand of digging (14)
 P - a wand of acid (10)
 R - a wand of enslavement (16)
 X - a wand of polymorph (12)
Scrolls
 d - 9 scrolls of fear
 h - 31 scrolls of remove curse
 j - 9 scrolls of noise
 p - 5 scrolls of magic mapping
 q - 13 scrolls of identify
 t - 14 scrolls of teleportation
 y - 5 scrolls of blinking
 T - a scroll of silence
Potions
 k - 3 potions of mutation
 n - 25 potions of curing
 u - 2 potions of invisibility
 C - 11 potions of flight
 D - 4 potions of resistance
 E - 4 potions of agility
 G - a potion of cancellation
 O - 4 potions of might
Comestibles
 f - 69 rations


   Skills:
 O Level 27 Fighting
 O Level 27 Long Blades
 O Level 27 Armour
 + Level 13.5 Dodging
 + Level 5.5 Stealth
 O Level 27 Shields
 + Level 5.2 Invocations
 + Level 5.2 Evocations


You had 26 spell levels left.
You didn't know any spells.
Your spell library contained the following spells:

 Spells                   Type           Power        Failure   Level  Hunger
 Animate Skeleton         Necr           N/A          65%         1    ##.....
 Apportation              Tloc           #.....       65%         1    ##.....
 Confusing Touch          Hex            #.....       65%         1    ##.....
 Corona                   Hex            #......      65%         1    ##.....
 Flame Tongue             Conj/Fire      #....        65%         1    ##.....
 Infusion                 Chrm           #...         65%         1    ##.....
 Magic Dart               Conj           #...         65%         1    ##.....
 Pain                     Necr           #...         65%         1    ##.....
 Sandblast                Erth           #.....       65%         1    ##.....
 Shock                    Conj/Air       #...         65%         1    ##.....
 Sting                    Conj/Pois      #...         65%         1    ##.....
 Summon Small Mammal      Summ           #...         65%         1    ##.....
 Corpse Rot               Necr           N/A          80%         2    ###....
 Ensorcelled Hibernation  Hex/Ice        #.....       80%         2    ###....
 Passwall                 Tmut/Erth      #.......     80%         2    ###....
 Shroud of Golubria       Chrm/Tloc      #.........   80%         2    ###....
 Slow                     Hex            #.......     80%         2    ###....
 Song of Slaying          Chrm           #.......     80%         2    ###....
 Sublimation of Blood     Necr           #.........   80%         2    ###....
 Swiftness                Chrm/Air       #.......     80%         2    ###....
 Throw Flame              Conj/Fire      #.....       80%         2    ###....
 Confuse                  Hex            #.......     95%         3    ####...
 Conjure Flame            Conj/Fire      #.......     95%         3    ####...
 Gell's Gravitas          Tloc           #.........   95%         3    ####...
 Ignite Poison            Fire/Tmut/Pois #.......     95%         3    ####...
 Inner Flame              Hex/Fire       #.......     95%         3    ####...
 Portal Projectile        Hex/Tloc       #.....       95%         3    ####...
 Recall                   Summ/Tloc      N/A          95%         3    ####...
 Regeneration             Chrm/Necr      #.........   95%         3    ####...
 Spectral Weapon          Hex/Chrm       #.......     95%         3    ####...
 Static Discharge         Conj/Air       #.......     95%         3    ####...
 Stone Arrow              Conj/Erth      #.....       95%         3    ####...
 Vampiric Draining        Necr           #.........   95%         3    ####...
 Airstrike                Air            #.........   100%        4    #####..
 Animate Dead             Necr           N/A          100%        4    #####..
 Cause Fear               Hex            #.........   100%        4    #####..
 Leda's Liquefaction      Hex/Erth       #.........   100%        4    #####..
 Passage of Golubria      Tloc           N/A          100%        4    #####..
 Petrify                  Tmut/Erth      #.......     100%        4    #####..
 Sticky Flame             Conj/Fire      #.......     100%        4    #####..
 Agony                    Necr           #.......     100%        5    ######.
 Aura of Abjuration       Summ           #.........   100%        5    ######.
 Bolt of Magma            Conj/Fire/Erth #.........   100%        5    ######.
 Borgnjor's Vile Clutch   Necr/Erth      #.........   100%        5    ######.
 Fireball                 Conj/Fire      #.........   100%        5    ######.
 Irradiate                Conj/Tmut      #.........   100%        5    ######.
 Iskenderun's Battlesphe  Conj/Chrm      #.......     100%        5    ######.
 Lee's Rapid Deconstruct  Erth           #.........   100%        5    ######.
 Lightning Bolt           Conj/Air       #.........   100%        5    ######.
 Metabolic Englaciation   Hex/Ice        #.........   100%        5    ######.
 Silence                  Hex/Air        #.........   100%        5    ######.
 Summon Demon             Summ           #.........   100%        5    ######.
 Summon Forest            Summ/Tloc      #.........   100%        5    ######.
 Summon Mana Viper        Hex/Summ       #.......     100%        5    ######.
 Venom Bolt               Conj/Pois      #.........   100%        5    ######.
 Yara's Violent Unravell  Hex/Tmut       #.........   100%        5    ######.
 Bolt of Fire             Conj/Fire      #.........   100%        6    #######
 Darkness                 Hex            #.........   100%        6    #######
 Death Channel            Necr           #.........   100%        6    #######
 Deflect Missiles         Chrm/Air       #.........   100%        6    #######
 Freezing Cloud           Conj/Ice/Air   #.........   100%        6    #######
 Hydra Form               Tmut           #.........   100%        6    #######
 Invisibility             Hex            #.......     100%        6    #######
 Iron Shot                Conj/Erth      #.........   100%        6    #######
 Shadow Creatures         Summ           N/A          100%        6    #######
 Simulacrum               Ice/Necr       #.........   100%        6    #######
 Statue Form              Tmut/Erth      #........    100%        6    #######
 Dragon Form              Tmut           #.........   100%        7    #######
 Haunt                    Necr/Summ      #.........   100%        7    #######
 Orb of Destruction       Conj           #.........   100%        7    #######
 Ring of Flames           Chrm/Fire      #.........   100%        7    #######
 Spellforged Servitor     Conj/Summ      #.........   100%        7    #######
 Borgnjor's Revivificati  Necr           #.........   100%        8    #######
 Death's Door             Chrm/Necr      #.........   100%        8    #######
 Discord                  Hex            #.........   100%        8    #######
 Ignition                 Fire           #.........   100%        8    #######
 Infestation              Necr           #.........   100%        8    #######
 Necromutation            Tmut/Necr      #.........   100%        8    #######
 Shatter                  Erth           #.........   100%        9    #######
 Tornado                  Air            #.........   100%        9    #######


Dungeon Overview and Level Annotations

Branches:
Dungeon (15/15)            Temple (1/1) D:6            Lair (6/6) D:9
 Shoals (4/4) Lair:3       Spider (4/4) Lair:2        Slime (5/5) Lair:6
    Orc (2/2) D:9             Elf (3/3) Orc:2        Vaults (5/5) D:14
  Crypt (3/3) Vaults:3       Tomb (0/3) Crypt:3      Depths (5/5) D:15
    Zot (2/5) Depths:5

Altars:
Ashenzari
Cheibriados
Dithmenos
Elyvilon
Fedhas
Gozag
Hepliaklqana
Kikubaaqudgha
Makhleb
Nemelex Xobeh
Okawaru
Qazlal
Ru
Sif Muna
Trog
Uskayaw
Vehumet
Wu Jian
Xom
Yredelemnul
Zin
The Shining One
Jiyva

Shops:
D:5 %   D:7 %   Orc:2 %}[:   Elf:3 :   Shoals:1 :   Shoals:2 *   Vaults:2 (
Vaults:5 ==   Depths:1 %   Depths:4 :}=!!}(?   Depths:5 [*

Portals:
Hell: Depths:1 Depths:2 Depths:3 Depths:4 Depths:5
Abyss: Depths:1 Depths:4 Depths:5
Pandemonium: Depths:3 Depths:4
Ziggurat: Depths:4


Innate Abilities, Weirdness & Mutations

You reflexively headbutt those who attack you in melee.
You have a pair of horns on your head.
You are surrounded by a mild repulsion field. (EV +2)
You are partially covered in thin metallic scales. (AC +2)
You possess an exceptional clarity of mind.
Your flesh is cold resistant. (rC+)
You are robust. (+10% HP)
You are covered in fur. (AC +1)


Message History

The green draconian shifter hits you with a rapier.
* * * LOW HITPOINT WARNING * * *
You block the green draconian shifter's attack.
A white draconian knight comes into view.
It is wielding a war axe of flaming.
Okay, then.
Okay, then.
You fade into invisibility!
You block the black draconian's attack. You block the golden dragon's attack.
The golden dragon misses you. The golden dragon tramples you.
* * * LOW HITPOINT WARNING * * *
You stumble backwards!
The white draconian knight casts a spell at the golden dragon.
The shard of ice misses you.
The golden dragon bites you but does no damage.
The golden dragon completely misses you. x2
You are very lightly contaminated with residual magic.
You feel better. You block the black draconian's attack.
The golden dragon breathes fire at you. The bolt of fire hits you! You resist.
You die...

.[..... ....... ......
..... q..###. ##..##...
## #...#..# #.. #.....#
#... #@...## #[.. #Dd.##
.##... ##...#
......##q).## .. <
........[..# .##.
#...##......### #....
#...##..).....## #....
#...##.........# ##...#
#...##.......#..####...#


You could see a white draconian knight, a golden dragon, a black draconian and a
green draconian shifter.

Vanquished Creatures
  the Royal Jelly (Slime:5)
  An orb of fire (Zot:2)
  Mennas (Crypt:3)
  A juggernaut (Depths:5)
  An ancient lich (Vaults:4)
  Boris (Depths:3)
  Saint Roka (Crypt:3)
  Margery (Crypt:3)
  Xtahua (Vaults:3)
  2 curse toes
  The ghost of Mapyusm the Slayer, a veteran MiBe of Trog (Crypt:2)
  11 caustic shrikes
  5 golden dragons
  Nikola (Depths:2)
  A profane servitor (Crypt:3)
  2 bone dragons
  The ghost of housinr the Executioner, an adept MiBe of Trog (Elf:3)
  2 electric golems
  7 tentacled monstrosities
  3 titans
  Asterion (Depths:1)
  10 liches
  7 quicksilver dragons
  The ghost of Toogi the Peltast, an adept HuWn of Makhleb (Shoals:2)
  2 deep elf blademasters (Elf:3)
  8 ancient champions
  2 deep elf master archers (Elf:3)
  Frances (Elf:1)
  19 acid blobs
  2 krakens
  11 sphinxes
  3 death cobs
  A tentacled starspawn (WizLab)
  A sphinx (shapeshifter) (Depths:3)
  Kirke (D:12)
  8 tengu reavers
  A storm dragon (shapeshifter) (Depths:3)
  13 storm dragons
  A shadow dragon (shapeshifter) (Depths:5)
  Agnes (Spider:1)
  4 draconian monks
  Ilsuiw (Shoals:3)
  The ghost of spacerossing the Bludgeoner, an adept BaFi of Cheibriados (Spider:1)
  12 azure jellies
  5 revenants
  An azure jelly (shapeshifter) (Depths:3)
  Roxanne (Elf:1)
  9 shadow dragons
  2 draconian knights (Zot:1)
  16 vault wardens
  10 fire giants
  6 ghost moths
  6 deep elf sorcerers
  2 draconian scorchers (Zot:1)
  8 frost giants
  The ghost of Susol the Spry, a journeyman BaHu of Okawaru (D:14)
  An orc warlord (Bailey)
  An iron dragon (Depths:4)
  Louise (Elf:1)
  2 emperor scorpions
  A draconian shifter (Zot:1)
  5 deep elf elementalists (Elf:3)
  3 curse skulls
  2 reapers
  24 ironheart preservers
  19 very ugly things
  8 ghouls
  25 stone giants
  A draconian stormcaller (Zot:1)
  5 war gargoyles
  2 draconian annihilators
  10 entropy weavers
  3 green draconians
  9 vampire knights
  Nessos (D:13)
  5 purple draconians
  6 deep elf demonologists
  4 red draconians
  7 white draconians
  5 black draconians
  18 deep elf annihilators
  6 eidola
  2 yellow draconians
  13 ettins
  6 spark wasps
  14 deep elf death magi
  An ettin (shapeshifter) (Depths:2)
  2 crystal guardians (Depths:3)
  12 jiangshi
  Snorg (Orc:2)
  7 merfolk javelineers
  16 fire dragons
  8 death oozes
  Josephine (D:15)
  14 yaktaur captains
  10 merfolk impalers
  Harold (D:7)
  4 deep elf high priests
  9 great orbs of eyes
  Fannar (D:12)
  8 hydras
  12 ice dragons
  A catoblepas (Depths:3)
  2 rakshasas
  7 spriggan air magi
  36 vault guards
  12 centaur warriors
  4 satyrs
  2 juggernaut simulacra (Depths:3)
  An anaconda (shapeshifter) (Depths:3)
  5 death knights
  8 deep troll shamans
  5 merfolk aquamancers
  50 two-headed ogres
  4 alligator snapping turtles
  37 dancing weapons
  12 ogre magi
  3 tengu warriors
  Erica (D:9)
  An alligator snapping turtle (shapeshifter) (Depths:3)
  3 death yaks (Lair:5)
  3 merfolk avatars
  10 vampire magi
  A titan zombie (Vaults:3)
  9 deep troll earth magi
  4 orc high priests (Orc:2)
  4 spriggan berserkers
  A shock serpent (shapeshifter) (Vaults:3)
  20 hell knights
  A shock serpent (Depths:3)
  5 soul eaters
  70 slime creatures
  30 deep elf knights
  Sonja (D:10)
  An iron troll (shapeshifter) (Vaults:5)
  A storm dragon zombie (Vaults:3)
  4 wretched stars (Abyss:2)
  A fire crab (shapeshifter) (Vaults:2)
  8 shadow wraiths
  4 iron trolls
  29 skeletal warriors
  5 flayed ghosts
  5 wizards
  6 glowing orange brains
  2 swamp dragons (shapeshifter)
  3 sea snakes
  3 unseen horrors
  An anaconda zombie (Crypt:3)
  22 deep elf archers
  A death drake (shapeshifter) (Vaults:5)
  38 deep trolls
  A golden dragon skeleton (Crypt:2)
  17 ironbrand convokers
  A wolf spider zombie (D:13)
  8 phantasmal warriors
  A sphinx zombie (D:15)
  14 harpies
  A mana viper (shapeshifter) (Vaults:4)
  9 necromancers
  18 orb spiders
  A lindwurm (Lair:6)
  4 stone giant zombies
  10 orc sorcerers
  20 orc knights
  29 ugly things
  11 cyclopes
  2 fire giant zombies
  31 wolf spiders
  4 shining eyes
  14 manticores
  29 fauns
  80 deep elf magi
  5 oklob plants
  15 moths of wrath
  2 sphinx skeletons
  13 merfolk sirens
  A salamander (Depths:2)
  2 frost giant skeletons (Vaults:3)
  A stone giant skeleton (Vaults:2)
  17 elephants
  A rust devil (Depths:1)
  3 centaur zombies
  9 black mambas
  2 ice statues (IceCv)
  13 vault sentinels
  7 torpor snails
  A shock serpent zombie (Crypt:1)
  A naga mage (Depths:3)
  A dire elephant zombie (Crypt:2)
  9 water nymphs
  2 fire giant skeletons (Crypt:1)
  A gargoyle (D:12)
  A black mamba (shapeshifter) (Depths:5)
  A molten gargoyle (Depths:2)
  2 orange demons
  2 smoke demons (Abyss:2)
  A storm dragon simulacrum (Vaults:3)
  13 freezing wraiths
  14 spiny frogs
  2 ancient zymes (Abyss:2)
  A rime drake (Lair:1)
  A ghost moth simulacrum (Crypt:3)
  46 yaktaurs
  12 ice devils
  6 komodo dragons
  3 tengu conjurers
  A queen ant zombie (Crypt:1)
  A guardian mummy (Crypt:3)
  15 demonic crawlers
  A hellwing (WizLab)
  A queen bee (D:11)
  2 tyrant leeches (shapeshifter)
  A green draconian skeleton (Crypt:1)
  3 wind drakes
  5 large abominations (Abyss:2)
  An elf skeleton (D:15)
  32 merfolk
  23 hornets
  35 jumping spiders
  12 trolls
  13 hippogriffs
  8 tyrant leeches
  6 blink frogs
  Grinder (D:3)
  7 raiju (Abyss:2)
  11 dream sheep
  2 meliai zombies
  A snapping turtle (shapeshifter) (Depths:3)
  2 dream sheep (shapeshifter)
  2 hippogriffs (shapeshifter)
  An ice dragon skeleton (Crypt:1)
  A fire giant simulacrum (Crypt:1)
  11 snapping turtles
  2 stone giant simulacra (Vaults:3)
  3 spriggans
  16 flying skulls
  3 air elementals
  45 tarantellas
  102 redbacks
  5 shadows
  16 wraiths
  6 wyverns
  3 vampires (Crypt:3)
  3 redbacks (shapeshifter)
  4 starcursed masses (Abyss:2)
  25 yaks
  A basilisk (shapeshifter) (Elf:3)
  20 water elementals
  6 hogs
  A chaos spawn (Abyss:2)
  4 fire elementals
  4 hungry ghosts
  15 golden eyes
  9 basilisks
  A human (D:13)
  4 vampire mosquitoes (D:13)
  A spatial vortex (WizLab)
  5 wargs
  A soldier ant (D:13)
  3 acid dragons
  9 water moccasins
  11 porcupines
  A faun skeleton (Crypt:3)
  A hell hound (WizLab)
  2 floating eyes (shapeshifter)
  49 orc warriors
  An infernal demonspawn skeleton (Crypt:3)
  A merfolk skeleton (Crypt:2)
  A lindwurm zombie (Crypt:1)
  A deep troll skeleton (Crypt:1)
  An elf zombie (Vaults:2)
  12 ice beasts
  4 eyes of draining
  28 ogres
  3 necrophages
  A phantom (D:12)
  5 black bears
  An elephant zombie (Crypt:1)
  9 boggarts
  9 wolves
  2 snapping turtle skeletons
  12 centaurs
  7 small abominations
  8 crocodiles
  2 big kobolds
  2 human zombies
  3 human skeletons
  9 earth elementals
  An ogre simulacrum (Vaults:1)
  17 bullfrogs
  A merfolk simulacrum (Crypt:3)
  A glowing shapeshifter simulacrum (Vaults:3)
  2 wyvern skeletons
  4 scorpions
  28 killer bees
  A water moccasin skeleton (D:12)
  7 howler monkeys
  A spriggan skeleton (Crypt:3)
  5 wights
  5 electric eels
  2 bullfrog zombies
  7 crimson imps
  3 human simulacra
  A quasit (D:6)
  7 hounds
  A jelly (D:6)
  5 centaur skeletons
  19 orc priests
  Crazy Yiuf (D:3)
  3 bullfrog skeletons
  Natasha (thrice) (D:4 D:3)
  5 iguanas
  28 orc wizards
  A porcupine zombie (Crypt:2)
  11 worker ants
  A porcupine skeleton (Crypt:3)
  A naga skeleton (Crypt:1)
  A hound zombie (D:5)
  12 mummies (Crypt:3)
  A howler monkey zombie (D:7)
  3 worker ant zombies
  19 gnolls
  A howler monkey skeleton (D:10)
  11 adders
  2 shadow imps
  7 white imps
  4 ufetubi (IceCv)
  2 oozes
  A lava snake zombie (Crypt:3)
  A halfling skeleton (Crypt:2)
  A worm (D:2)
  4 dart slugs
  5 leopard geckos
  77 orcs
  A bat skeleton (Crypt:2)
  2 giant cockroaches
  6 hobgoblins
  7 jackals
  25 kobolds
  7 quokkas
  4 bats
  4 frilled lizards
  A frilled lizard skeleton (Crypt:2)
  10 goblins
  A leopard gecko zombie (Crypt:2)
  An orc simulacrum (Crypt:3)
  A quokka zombie (Crypt:1)
  5 rats
  5 bushes (Lair:1)
  A butterfly (Lair:1)
  2 fungi (Lair:1)
  63 plants
  3 tentacles
2718 creatures vanquished.

Vanquished Creatures (others)
  A draconian stormcaller (Zot:1)
  A ghost moth (Spider:4)
  A dancing weapon (Depths:3)
  A deep elf knight (Vaults:3)
  2 necromancers (Crypt:3)
  3 deep elf magi
  A merfolk siren (Shoals:3)
  A water elemental (Depths:2)
  A tarantella (shapeshifter) (Depths:5)
  A human skeleton (Vaults:3)
  A white imp (IceCv)
  8 ufetubi (IceCv)
  An adder skeleton (D:9)
  2 orcs
  A bush (Shoals:1)
  2 fungi (Lair:4)
  A lurking horror (Abyss:2)
  49 plants
  3 starspawn tentacles (WizLab)
  17 tentacles
98 creatures vanquished.

Grand Total: 2816 creatures vanquished

Notes
Turn   | Place    | Note
-------+----------+-------------------------------------------
     0 | D:1      | Peloso the Minotaur Fighter began the quest for the Orb.
     0 | D:1      | Reached XP level 1. HP: 19/19 MP: 0/0
   241 | D:1      | Reached XP level 2. HP: 26/27 MP: 1/1
  1034 | D:2      | Reached XP level 3. HP: 33/33 MP: 2/2
  1099 | D:2      | Reached XP level 4. HP: 41/41 MP: 3/3
  1645 | D:3      | Reached XP level 5. HP: 18/47 MP: 4/4
  1675 | D:3      | Found a stormy altar of Qazlal.
  1731 | D:3      | Found a runed door.
  1943 | D:3      | Noticed Grinder
  1954 | D:3      | Killed Grinder
  1954 | D:3      | Reached skill level 5 in Long Blades
  1954 | D:3      | Reached skill level 5 in Armour
  1954 | D:3      | Reached skill level 1 in Dodging
  1954 | D:3      | Reached skill level 5 in Shields
  1954 | D:3      | Reached XP level 6. HP: 43/55 MP: 5/5
  1985 | D:3      | Found a snail-covered altar of Cheibriados.
  2081 | D:3      | Noticed Crazy Yiuf
  2085 | D:3      | Killed Crazy Yiuf
  2178 | D:4      | Reached skill level 5 in Fighting
  2415 | D:4      | Found a glowing golden altar of the Shining One.
  2548 | D:4      | Reached XP level 7. HP: 47/61 MP: 6/6
  2590 | D:4      | Noticed Natasha
  2598 | D:4      | Killed Natasha
  2621 | D:4      | Noticed Natasha
  2939 | D:3      | Killed Natasha
  2975 | D:3      | Noticed Natasha
  2982 | D:3      | Killed Natasha
  3280 | D:5      | Entered Level 5 of the Dungeon
  3280 | D:5      | Found Vezxebil's Food Shoppe.
  3418 | D:5      | Found an ancient bone altar of Kikubaaqudgha.
  3422 | D:5      | Found a hide-covered altar of Uskayaw.
  3423 | D:5      | Found a white marble altar of Elyvilon.
  3561 | D:5      | Reached XP level 8. HP: 70/70 MP: 7/7
  4515 | D:6      | Reached XP level 9. HP: 73/78 MP: 8/8
  4517 | D:6      | Found a staircase to the Ecumenical Temple.
  4518 | D:6      | Found a shattered altar of Ashenzari.
  4600 | D:6      | Reached skill level 1 in Evocations
  4750 | Temple   | Entered the Ecumenical Temple
  4825 | Temple   | Became a worshipper of Warmaster Okawaru
  4904 | D:7      | Found a sparkling altar of Nemelex Xobeh.
  5304 | D:7      | Reached * piety under Okawaru
  5304 | D:7      | Reached skill level 10 in Long Blades
  5332 | D:7      | Found a shadowy altar of Dithmenos.
  5375 | D:7      | Found a glowing silver altar of Zin.
  5435 | D:7      | Found Soadic's Food Emporium.
  5443 | D:7      | Noticed Harold
  5468 | D:7      | Killed Harold
  5468 | D:7      | Reached ** piety under Okawaru
  5922 | D:8      | Reached XP level 10. HP: 88/88 MP: 10/10
  6010 | D:8      | Reached *** piety under Okawaru
  6135 | D:8      | Found a basalt altar of Yredelemnul.
  6548 | D:9      | Noticed Erica
  6561 | D:9      | Killed Erica
  6561 | D:9      | Reached **** piety under Okawaru
  6943 | D:9      | Found a staircase to the Orcish Mines.
  7000 | D:9      | Found a staircase to the Lair.
  7204 | D:9      | Found a shimmering altar of Xom.
  7401 | D:9      | Got a smoking shield
  7407 | D:9      | Identified the +5 shield of the Villain {rF+ rC- Int+4}
                  | (You found it on level 9 of the Dungeon)
  7434 | D:10     | Entered Level 10 of the Dungeon
  7439 | D:10     | Noticed Sonja
  7458 | D:10     | Killed Sonja
  7458 | D:10     | Reached ***** piety under Okawaru
  7476 | D:10     | Noticed a two-headed ogre
  7490 | D:10     | Killed a two-headed ogre
  7490 | D:10     | Received a gift from Okawaru
  7490 | D:10     | Reached skill level 10 in Shields
  7498 | D:10     | Reached XP level 11. HP: 58/97 MP: 11/11
  7556 | D:10     | Noticed a two-headed ogre
  7559 | D:10     | Noticed a two-headed ogre
  7568 | D:10     | Killed a two-headed ogre
  7572 | D:10     | Killed a two-headed ogre
  8886 | D:11     | Received a gift from Okawaru
  9003 | D:11     | Reached skill level 10 in Armour
  9060 | D:11     | Noticed a purple ugly thing
  9075 | D:11     | Killed a purple ugly thing
  9535 | D:11     | Reached ****** piety under Okawaru
  9535 | D:11     | Reached skill level 10 in Fighting
  9686 | Lair:1   | Entered Level 1 of the Lair of Beasts
  9839 | Lair:1   | Reached XP level 12. HP: 82/106 MP: 12/12
 10198 | Lair:1   | Received a gift from Okawaru
 10253 | Lair:1   | Noticed a five-headed hydra
 10267 | Lair:1   | Killed a one-headed hydra
 10679 | Lair:1   | Received a gift from Okawaru
 11635 | Lair:2   | Found a hole to the Spider Nest.
 11928 | Lair:3   | Received a gift from Okawaru
 12455 | Lair:3   | Found a staircase to the Shoals.
 12688 | Lair:3   | Found a bloodstained altar of Trog.
 13089 | Lair:4   | Received a gift from Okawaru
 13090 | Lair:4   | Noticed a six-headed hydra
 13093 | Lair:4   | Noticed an eight-headed hydra
 13095 | Lair:4   | Got a spiked plate armour {god gift}
 13100 | Lair:4   | Killed a three-headed hydra
 13100 | Lair:4   | Reached XP level 13. HP: 89/116 MP: 11/14
 13164 | Lair:4   | Identified the +6 plate armour of Okawaru's Condemnation
                  | {-Cast rC++ rN+ Str+3} (Okawaru gifted it to you on level 4
                  | of the Lair of Beasts)
 13851 | Lair:5   | Reached skill level 15 in Long Blades
 14153 | Lair:5   | Reached skill level 15 in Shields
 15201 | D:12     | Received a gift from Okawaru
 15489 | D:12     | Noticed Fannar
 15508 | D:12     | Killed Fannar
 15797 | D:12     | Noticed Kirke
 15817 | D:12     | Killed Kirke
 16180 | D:13     | Received a gift from Okawaru
 16925 | D:12     | Reached XP level 14. HP: 83/127 MP: 12/15
 17211 | D:13     | Received a gift from Okawaru
 17247 | D:13     | Noticed Nessos
 17274 | D:13     | Killed Nessos
 17920 | Lair:6   | Entered Level 6 of the Lair of Beasts
 18132 | Lair:6   | Received a gift from Okawaru
 18247 | Lair:6   | Found a staircase to the Slime Pits.
 18248 | Lair:6   | Found a viscous altar of Jiyva.
 18778 | Lair:6   | Found a runed door.
 19079 | Lair:6   | Reached skill level 1 in Stealth
 19141 | Lair:6   | Identified a scroll of acquirement
 19639 | Lair:1   | Got a dazzling trident
 19640 | Lair:1   | Identified the +9 trident "Haroem" {pierce, MP+9} (You
                  | found it on level 1 of the Lair of Beasts)
 19738 | Orc:1    | Entered Level 1 of the Orcish Mines
 19768 | Orc:1    | Received a gift from Okawaru
 20156 | Orc:2    | Entered Level 2 of the Orcish Mines
 20158 | Orc:2    | Paralysed by an orc sorcerer for 4 turns
 20167 | Orc:2    | Received a gift from Okawaru
 20180 | Orc:2    | Got a translucent plate armour {god gift}
 20240 | Orc:2    | Found a frozen archway.
 20273 | IceCv    | Entered an ice cave
 20549 | IceCv    | Identified the +6 plate armour "Dusaq" {rC- Str+5} (Okawaru
                  | gifted it to you on level 2 of the Orcish Mines)
 21098 | IceCv    | Noticed a reaper
 21111 | IceCv    | Killed a reaper
 21154 | IceCv    | Got a shimmering demon whip
 21330 | IceCv    | Reached XP level 15. HP: 137/137 MP: 16/16
 21626 | Orc:2    | Found a staircase to the Elven Halls.
 21988 | Orc:2    | Found Ruplow's Book Shoppe.
 21992 | Orc:2    | Noticed Snorg
 23018 | Orc:2    | Killed Snorg
 23050 | Orc:2    | Found Nifuekan's Food Shoppe.
 23051 | Orc:2    | Found Oguoc's Armour Shop.
 23051 | Orc:2    | Found Hitimefe's Gadget Shop.
 23306 | D:14     | Received a gift from Okawaru
 23342 | D:14     | Found a flagged portal.
 23356 | Bailey   | Entered a bailey
 23362 | Bailey   | Noticed an orc warlord
 23510 | Bailey   | Found a runed gate.
 23512 | Bailey   | Found a runed gate.
 23514 | Bailey   | Found a runed gate.
 23681 | Bailey   | Killed an orc warlord
 23864 | D:14     | Reached skill level 1 in Invocations
 23905 | D:14     | Found a gate to the Vaults.
 24254 | D:14     | Found a large runed door.
 24254 | D:14     | Found a large runed door.
 24256 | D:14     | Noticed Susol's ghost (journeyman BaHu)
 24290 | D:14     | HP: 1/138 [Susol's ghost (19)]
 24308 | D:14     | Killed Susol's ghost
 24907 | D:15     | Entered Level 15 of the Dungeon
 24968 | D:15     | Found a radiant altar of Vehumet.
 25054 | D:15     | Found a staircase to the Depths.
 25092 | D:15     | Received a gift from Okawaru
 25097 | D:15     | Got an ichor-stained shield {god gift}
 25108 | D:15     | Identified the +2 shield "Eladdume" {Str+3 SInv} (Okawaru
                  | gifted it to you on level 15 of the Dungeon)
 25173 | D:15     | Noticed Josephine
 25184 | D:15     | Killed Josephine
 25228 | D:15     | Identified the cursed +0 demon whip of Pride {drain, rElec
                  | rF- rN+ Str+2} (You found it in an ice cave)
 26387 | Spider:1 | Entered Level 1 of the Spider Nest
 26463 | Spider:1 | Noticed a ghost moth
 26473 | Spider:1 | Killed a ghost moth
 26508 | Spider:1 | Reached XP level 16. HP: 118/147 MP: 5/17
 26522 | Lair:2   | Received a gift from Okawaru
 26958 | Spider:1 | Reached skill level 5 in Dodging
 27900 | Spider:1 | Received a gift from Okawaru
 28042 | Spider:1 | Found a runed door.
 28046 | Spider:1 | Found a shimmering altar of Xom.
 28046 | Spider:1 | Noticed spacerossing's ghost (adept BaFi)
 28663 | Spider:2 | Noticed Agnes
 28682 | Spider:1 | Killed Agnes
 28682 | Spider:1 | Reached skill level 15 in Fighting
 28909 | Spider:1 | Received a gift from Okawaru
 28921 | Spider:1 | Got a brightly glowing robe {god gift}
 31082 | Shoals:1 | Entered Level 1 of the Shoals
 31774 | Shoals:1 | Found Nuthrabycw's Book Shoppe.
 31800 | Shoals:1 | Reached skill level 15 in Armour
 31948 | Shoals:1 | Got an encrusted hand crossbow
 32202 | Shoals:1 | Identified the +9 hand crossbow "Demonslayer" {flame, rF+
                  | Str+5 Dex+3} (You took it off a merfolk impaler on level 1
                  | of the Shoals)
 33456 | Shoals:2 | Received a gift from Okawaru
 33818 | Shoals:2 | Reached XP level 17. HP: 125/156 MP: 18/18
 34568 | Shoals:2 | Found a runed door.
 34569 | Shoals:2 | Found a shimmering altar of Xom.
 34569 | Shoals:2 | Noticed Toogi's ghost (adept HuWn)
 35566 | Shoals:2 | Found Orphosk's General Store.
 35579 | Shoals:2 | Bought the +6 scimitar "Etoiw" {freeze, rPois MP-9 Str+4}
                  | for 606 gold pieces
 35590 | Shoals:2 | Bought a scroll of teleportation for 48 gold pieces
 35590 | Shoals:2 | Bought a potion of might for 64 gold pieces
 35683 | Shoals:2 | Killed Toogi's ghost
 35690 | Shoals:2 | Got a scintillating jade ring
 35696 | Shoals:2 | Identified the ring of Kon Jol {rCorr rF+ Int+6} (You found
                  | it on level 2 of the Shoals)
 36021 | Shoals:3 | Received a gift from Okawaru
 36049 | Shoals:3 | Noticed Ilsuiw
 37070 | Shoals:3 | Got a faintly glowing tin ring
 37072 | Shoals:3 | Identified the ring of the Good {AC+3 Str+3} (You found it
                  | on level 3 of the Shoals)
 37383 | Shoals:3 | Noticed a kraken
 37400 | Shoals:3 | Killed a kraken
 37400 | Shoals:3 | Received a gift from Okawaru
 37637 | Shoals:3 | Killed Ilsuiw
 39540 | Spider:1 | Killed spacerossing's ghost
 39763 | Spider:4 | Entered Level 4 of the Spider Nest
 39843 | Spider:4 | Received a gift from Okawaru
 39854 | Spider:4 | Got an ichor-stained scimitar {god gift}
 39855 | Spider:4 | Identified the +7 scimitar of Yeast {freeze, rPois Int+4}
                  | (Okawaru gifted it to you on level 4 of the Spider Nest)
 39952 | Spider:4 | Got a smoking scale mail
 40154 | Spider:4 | Reached XP level 18. HP: 166/166 MP: 1/19
 41117 | Spider:4 | Received a gift from Okawaru
 42408 | Spider:4 | Got a gossamer rune of Zot
 42629 | Shoals:4 | Entered Level 4 of the Shoals
 43051 | Shoals:4 | Received a gift from Okawaru
 43943 | Shoals:4 | Got a brightly glowing hand crossbow
 43951 | Shoals:4 | Found the +10 zealot's sword {holy, *Rage rN+ EV+3}
 44185 | Shoals:4 | Received a gift from Okawaru
 44450 | Shoals:4 | Got a barnacled rune of Zot
 45494 | Lair:1   | Identified the +4 hand crossbow "Ficzoduas" {penet, rF+
                  | Str+3 Stlth+} (You took it off a merfolk javelineer on
                  | level 4 of the Shoals)
 45511 | Lair:1   | Identified the +0 scale mail "Xiuro" {rF- rCorr Str+3
                  | Slay+5} (You found it on level 4 of the Spider Nest)
 45829 | Elf:1    | Entered Level 1 of the Elven Halls
 46057 | Elf:1    | Noticed Frances
 46070 | Elf:1    | Killed Frances
 46441 | Elf:1    | Reached XP level 19. HP: 144/177 MP: 11/20
 46461 | Elf:1    | Received a gift from Okawaru
 46591 | Elf:1    | Identified Sif Muna's Catalogue of Attacks
 46926 | Elf:1    | Noticed Roxanne
 46926 | Elf:1    | Noticed Louise
 46933 | Elf:1    | Cast into level 2 of the Abyss (Louise)
 46933 | Abyss:2  | Found a hazy altar of Hepliaklqana.
 47233 | Abyss:2  | Received a gift from Okawaru
 47439 | Elf:1    | Escaped the Abyss
 47453 | Elf:1    | Killed Louise
 47469 | Elf:1    | Killed Roxanne
 48217 | Elf:2    | Found a huge runed gate.
 48217 | Elf:2    | Found a huge runed gate.
 48218 | Elf:2    | Found a huge runed gate.
 48219 | Elf:2    | Found a huge runed gate.
 48224 | Elf:2    | Found a huge runed gate.
 49266 | Elf:2    | Received a gift from Okawaru
 50063 | Elf:3    | Entered Level 3 of the Elven Halls
 50212 | Elf:3    | Found Vutode Largh's Book Shoppe.
 50307 | Elf:3    | Paralysed by an orc sorcerer for 3 turns
 50319 | Elf:3    | Found a runed door.
 50326 | Elf:3    | Found a shimmering altar of Xom.
 50326 | Elf:3    | Noticed housinr's ghost (adept MiBe)
 50356 | Elf:3    | Killed housinr's ghost
 50358 | Elf:3    | Identified the Catalogue of the Three Wishes
 50437 | Elf:3    | Reached XP level 20. HP: 181/187 MP: 12/21
 50974 | Elf:3    | Received a gift from Okawaru
 51537 | Elf:3    | Received a gift from Okawaru
 51718 | Elf:3    | Got a glittering lead amulet
 51930 | Elf:3    | Identified the Reference Book on the Doomed Blaze
 52579 | Lair:1   | Identified the amulet "Etiotits" {Harm *Drain MR++} (You
                  | took it off a deep elf demonologist on level 3 of the Elven
                  | Halls)
 53795 | Vaults:1 | Entered Level 1 of the Vaults
 54948 | Vaults:1 | Received a gift from Okawaru
 54951 | Vaults:1 | Got a jewelled scimitar {god gift}
 54952 | Vaults:1 | Identified the +2 scimitar "Bimon" {slice, rPois rN+ Str-2}
                  | (Okawaru gifted it to you on level 1 of the Vaults)
 56536 | Vaults:2 | Received a gift from Okawaru
 56551 | Vaults:2 | Got a transparent plate armour {god gift}
 56726 | Vaults:2 | Identified the +9 plate armour of Restlessness {rElec MR+
                  | Dex+4} (Okawaru gifted it to you on level 2 of the Vaults)
 56780 | Vaults:2 | Reached XP level 21. HP: 197/197 MP: 13/22
 57765 | Vaults:2 | Found Puyt's Antique Weapon Emporium.
 57991 | Vaults:2 | Received a gift from Okawaru
 58028 | Vaults:2 | Got a twisted long sword {god gift}
 58029 | Vaults:2 | Identified the +7 long sword of Doom {pain, Fragile rPois
                  | rF- Str+10} (Okawaru gifted it to you on level 2 of the
                  | Vaults)
 58471 | Vaults:3 | Received a gift from Okawaru
 58956 | Vaults:3 | Got a pair of dazzling boots {god gift}
 58968 | Vaults:3 | Identified the +0 pair of boots of Eriwarghy {rElec MP+9
                  | Str+3 Stlth+} (Okawaru gifted it to you on level 3 of the
                  | Vaults)
 59413 | Vaults:3 | Reached skill level 27 in Shields
 59575 | Vaults:3 | Received a gift from Okawaru
 59578 | Vaults:3 | Got a pair of brightly glowing boots {god gift}
 59589 | Vaults:3 | Identified the +0 pair of boots "Qidom" {-Tele rPois rN++
                  | Regen+} (Okawaru gifted it to you on level 3 of the Vaults)
 59719 | Vaults:3 | Found a staircase to the Crypt.
 59931 | Vaults:3 | Noticed Xtahua
 59946 | Vaults:3 | Killed Xtahua
 59946 | Vaults:3 | Reached XP level 22. HP: 185/208 MP: 23/23
 60566 | Vaults:4 | Received a gift from Okawaru
 60803 | Vaults:4 | Found a magical portal.
 60807 | WizLab   | Entered The Roulette of Golubria
 60807 | WizLab   | Found a transporter.
 60981 | WizLab   | Found a corrupted altar of Lugonu.
 61037 | WizLab   | Received a gift from Okawaru
 61199 | WizLab   | Found a transporter.
 61199 | WizLab   | Found a transporter.
 61248 | WizLab   | Found a transporter.
 61277 | WizLab   | Found a transporter.
 61383 | WizLab   | Found a transporter.
 61411 | WizLab   | Found a transporter.
 62224 | Lair:1   | Identified a +2 pair of boots of running (Okawaru gifted it
                  | to you in a wizard's laboratory)
 63750 | Vaults:4 | Received a gift from Okawaru
 64043 | Vaults:5 | Entered Level 5 of the Vaults
 64140 | Vaults:4 | Reached XP level 23. HP: 185/222 MP: 25/25
 64465 | Vaults:5 | Noticed an ancient lich
 64680 | Vaults:4 | Killed an ancient lich
 66180 | Vaults:5 | Received a gift from Okawaru
 66526 | Vaults:5 | Found Soumpoad's Jewellery Shoppe.
 67219 | Vaults:5 | Found Goceod's Jewellery Shop.
 67295 | Vaults:5 | Got a silver rune of Zot
 67422 | Vaults:5 | Received a gift from Okawaru
 68675 | Depths:1 | Entered Level 1 of the Depths
 69016 | Depths:1 | Found Ockicus's Food Emporium.
 69055 | Depths:1 | Found a one-way gate to the infinite horrors of the Abyss.
 69067 | Depths:1 | Noticed Asterion
 69076 | Depths:1 | Killed Asterion
 69110 | Depths:1 | Reached XP level 24. HP: 174/236 MP: 25/25
 70023 | Depths:1 | Received a gift from Okawaru
 70263 | Depths:1 | Found a gateway to Hell.
 70550 | Depths:1 | Received a gift from Okawaru
 70883 | Depths:2 | Noticed Nikola
 70901 | Depths:2 | Killed Nikola
 70901 | Depths:2 | Received a gift from Okawaru
 70965 | Depths:2 | Got a dazzling chain mail
 70966 | Depths:2 | Identified the +7 chain mail of Zeppa {MR+ rCorr} (You
                  | found it on level 2 of the Depths)
 71942 | Depths:2 | Received a gift from Okawaru
 73686 | Depths:3 | Noticed Boris
 73707 | Depths:3 | Killed Boris
 75077 | Depths:3 | Received a gift from Okawaru
 75093 | Depths:3 | Reached XP level 25. HP: 79/248 MP: 25/25
 75615 | Depths:3 | Found a one-way gate leading to the halls of Pandemonium.
 75692 | Depths:3 | Got a heavily runed ruby amulet
 75991 | Depths:4 | Found Sorog's Distillery.
 75991 | Depths:4 | Found Faebariutt's Distillery.
 75994 | Depths:4 | Bought a potion of heal wounds for 55 gold pieces
 76280 | Crypt:1  | Entered Level 1 of the Crypt
 76998 | Crypt:2  | Received a gift from Okawaru
 77262 | Crypt:2  | Found a runed gate.
 77262 | Crypt:2  | Found a runed gate.
 77263 | Crypt:2  | Found a runed gate.
 77265 | Crypt:2  | Noticed Mapyusm's ghost (veteran MiBe)
 77288 | Crypt:2  | Killed Mapyusm's ghost
 77516 | Crypt:3  | Entered Level 3 of the Crypt
 77592 | Crypt:3  | Noticed Saint Roka
 77613 | Crypt:3  | Killed Saint Roka
 77749 | Crypt:3  | Noticed Mennas
 77778 | Crypt:3  | Killed Mennas
 77781 | Crypt:3  | Received a gift from Okawaru
 77814 | Crypt:3  | HP: 11/253 [disintegration (21)]
 78387 | Crypt:3  | Found a staircase to the Tomb.
 78571 | Crypt:3  | Noticed Margery
 78597 | Crypt:3  | Killed Margery
 78605 | Crypt:3  | Received a gift from Okawaru
 78605 | Crypt:3  | Reached XP level 26. HP: 128/262 MP: 25/25
 79266 | Crypt:3  | Found an ancient bone altar of Kikubaaqudgha.
 79269 | Crypt:3  | Found a basalt altar of Yredelemnul.
 79284 | Crypt:3  | Identified Sif Muna's Collected Works on Excruciating Air
 79352 | Crypt:3  | Got an encrusted plate armour
 79365 | Crypt:3  | Identified the cursed +0 plate armour "Reol" {rPois rCorr
                  | Int+6} (You found it on level 3 of the Crypt)
 80240 | Depths:4 | Found Aduotus's Weapon Shoppe.
 81397 | Depths:4 | Found a gateway to a ziggurat.
 81630 | Depths:4 | Found Zir Kosa's Book Shop.
 81679 | Depths:4 | Reached skill level 27 in Fighting
 82132 | Depths:4 | Found the +4 arc blade {discharge, rElec}
 82161 | Depths:4 | Identified the amulet of Zuup {Regen+ Dex+4} (You took it
                  | off a deep elf annihilator on level 3 of the Depths)
 82194 | Depths:4 | Received a gift from Okawaru
 82202 | Depths:4 | Found Fumm's Gadget Shoppe.
 82205 | Depths:4 | Found Situkipn's Jewellery Boutique.
 82206 | Depths:4 | Found Poarch's Gadget Shoppe.
 82286 | Depths:4 | Found Ufumutin's Magic Scroll Shoppe.
 82294 | Depths:4 | Bought a scroll of acquirement for 728 gold pieces
 82311 | Depths:4 | Got a sparkling platinum ring
 82313 | Depths:4 | Identified the ring of Rovenn {rCorr Dex+4} (You acquired
                  | it on level 4 of the Depths)
 82961 | Slime:1  | Entered Level 1 of the Pits of Slime
 83057 | Slime:2  | Reached skill level 27 in Long Blades
 83298 | Slime:3  | Gained mutation: Scrolls take you a little longer to read.
                  | [a shining eye]
 83627 | Slime:5  | Entered Level 5 of the Pits of Slime
 83638 | Slime:5  | Gained mutation: You occasionally shout uncontrollably at
                  | your foes. [a shining eye]
 83650 | Slime:5  | Gained mutation: You sometimes yell uncontrollably at your
                  | foes. [a shining eye]
 83654 | Slime:5  | Gained mutation: Potions are less effective at restoring
                  | your health. [a shining eye]
 83656 | Slime:5  | Noticed the Royal Jelly
 83969 | Slime:5  | Killed the Royal Jelly
 83969 | Slime:5  | Reached skill level 5 in Evocations
 84613 | Slime:5  | Reached skill level 10 in Dodging
 84620 | Slime:5  | Received a gift from Okawaru
 84624 | Slime:5  | Lost intelligence.
 84670 | Slime:5  | Received a gift from Okawaru
 84692 | Slime:5  | Got a pitted turquoise ring
 84709 | Slime:5  | Got a slimy rune of Zot
 84789 | Slime:5  | Lost mutation: You sometimes yell uncontrollably at your
                  | foes. [potion of mutation]
 84789 | Slime:5  | Lost mutation: Potions are less effective at restoring your
                  | health. [potion of mutation]
 84789 | Slime:5  | Gained mutation: Your magical capacity is low. (-10% MP)
                  | [potion of mutation]
 84789 | Slime:5  | Gained mutation: You are agile. (Dex +2) [potion of
                  | mutation]
 84790 | Slime:5  | Lost mutation: You are agile. (Dex +2) [potion of mutation]
 84790 | Slime:5  | Lost mutation: Your magical capacity is low. (-10% MP)
                  | [potion of mutation]
 84790 | Slime:5  | Lost mutation: Scrolls take you a little longer to read.
                  | [potion of mutation]
 84790 | Slime:5  | Gained mutation: Armour fits poorly on your strangely
                  | shaped body. [potion of mutation]
 84790 | Slime:5  | Gained mutation: You tend to lose your temper in combat.
                  | [potion of mutation]
 84790 | Slime:5  | Gained mutation: You are robust. (+10% HP) [potion of
                  | mutation]
 84790 | Slime:5  | Gained mutation: You are partially covered in slimy green
                  | scales. (AC +2) [potion of mutation]
 84791 | Slime:5  | Lost mutation: Armour fits poorly on your strangely shaped
                  | body. [potion of mutation]
 84791 | Slime:5  | Lost mutation: You tend to lose your temper in combat.
                  | [potion of mutation]
 84791 | Slime:5  | Lost mutation: You occasionally shout uncontrollably at
                  | your foes. [potion of mutation]
 84791 | Slime:5  | Lost mutation: You are partially covered in slimy green
                  | scales. (AC +2) [potion of mutation]
 84791 | Slime:5  | Gained mutation: You occasionally shout uncontrollably at
                  | your foes. [potion of mutation]
 84791 | Slime:5  | Gained mutation: You are dopey. (Int -2) [potion of
                  | mutation]
 84791 | Slime:5  | Gained mutation: Your muscles are strong. (Str +2) [potion
                  | of mutation]
 84813 | Slime:5  | Gained mutation: You are clumsy. (Dex -2) [a shining eye]
 84887 | Slime:5  | Identified the Guide on Igneous Feathers
 85231 | Lair:6   | Lost mutation: You are clumsy. (Dex -2) [potion of
                  | mutation]
 85231 | Lair:6   | Lost mutation: You are robust. (+10% HP) [potion of
                  | mutation]
 85231 | Lair:6   | Gained mutation: You sometimes yell uncontrollably at your
                  | foes. [potion of mutation]
 85231 | Lair:6   | Gained mutation: Armour fits poorly on your strangely
                  | shaped body. [potion of mutation]
 85231 | Lair:6   | Gained mutation: Your natural rate of healing is unusually
                  | fast. [potion of mutation]
 85232 | Lair:6   | Lost mutation: Armour fits poorly on your strangely shaped
                  | body. [potion of mutation]
 85232 | Lair:6   | Lost mutation: Your muscles are strong. (Str +2) [potion of
                  | mutation]
 85232 | Lair:6   | Lost mutation: You are dopey. (Int -2) [potion of mutation]
 85232 | Lair:6   | Lost mutation: You sometimes yell uncontrollably at your
                  | foes. [potion of mutation]
 85232 | Lair:6   | Gained mutation: You are weak. (Str -2) [potion of
                  | mutation]
 85232 | Lair:6   | Gained mutation: You have a pair of large horns on your
                  | head. [potion of mutation]
 85232 | Lair:6   | Gained mutation: You are partially covered in thin metallic
                  | scales. (AC +2) [potion of mutation]
 85233 | Lair:6   | Lost mutation: You occasionally shout uncontrollably at
                  | your foes. [potion of mutation]
 85233 | Lair:6   | Gained mutation: Your mind is acute. (Int +2) [potion of
                  | mutation]
 85233 | Lair:6   | Gained mutation: Your flesh is cold resistant. (rC+)
                  | [potion of mutation]
 85233 | Lair:6   | Gained mutation: Your system is resistant to poisons.
                  | (rPois) [potion of mutation]
 85234 | Lair:6   | Lost mutation: Your mind is acute. (Int +2) [potion of
                  | mutation]
 85234 | Lair:6   | Lost mutation: You are weak. (Str -2) [potion of mutation]
 85234 | Lair:6   | Lost mutation: You have a pair of large horns on your head.
                  | [potion of mutation]
 85234 | Lair:6   | Gained mutation: Your mind is acute. (Int +2) [potion of
                  | mutation]
 85234 | Lair:6   | Gained mutation: You are frail. (-10% HP) [potion of
                  | mutation]
 85234 | Lair:6   | Gained mutation: You evolve. [potion of mutation]
 85234 | Lair:6   | Gained mutation: Your muscles are strong. (Str +2) [potion
                  | of mutation]
 85235 | Lair:6   | Lost mutation: You are frail. (-10% HP) [potion of
                  | mutation]
 85235 | Lair:6   | Lost mutation: Your natural rate of healing is unusually
                  | fast. [potion of mutation]
 85235 | Lair:6   | Lost mutation: Your system is resistant to poisons. (rPois)
                  | [potion of mutation]
 85235 | Lair:6   | Gained mutation: You are robust. (+10% HP) [potion of
                  | mutation]
 85235 | Lair:6   | Gained mutation: You are surrounded by a mild repulsion
                  | field. (EV +2) [potion of mutation]
 85236 | Lair:6   | Lost mutation: You evolve. [potion of mutation]
 85236 | Lair:6   | Lost mutation: Your muscles are strong. (Str +2) [potion of
                  | mutation]
 85236 | Lair:6   | Lost mutation: Your mind is acute. (Int +2) [potion of
                  | mutation]
 85236 | Lair:6   | Gained mutation: You are covered in fur. (AC +1) [potion of
                  | mutation]
 85236 | Lair:6   | Gained mutation: You possess an exceptional clarity of
                  | mind. [potion of mutation]
 85371 | Lair:1   | Identified the ring of Quggausch {Int+3 Dex+4} (You found
                  | it on level 5 of the Pits of Slime)
 85812 | Depths:5 | Entered Level 5 of the Depths
 86044 | Depths:5 | Reached XP level 27. HP: 273/300 MP: 25/25
 86079 | Depths:5 | Noticed a juggernaut
 86098 | Depths:5 | Killed a juggernaut
 86138 | Depths:5 | HP: 6/300 [acid (10)]
 86885 | Depths:5 | Received a gift from Okawaru
 86969 | Depths:5 | Found a gate to the Realm of Zot.
 87174 | Depths:5 | Found Fidil's Assorted Antiques.
 87174 | Depths:5 | Found Azymn's Armour Shoppe.
 87182 | Depths:5 | Bought a potion of mutation for 288 gold pieces
 87182 | Depths:5 | Bought a scroll of acquirement for 1872 gold pieces
 87204 | Depths:5 | Bought a potion of mutation for 288 gold pieces
 87204 | Depths:5 | Bought a scroll of teleportation for 108 gold pieces
 87346 | Zot:1    | Entered Level 1 of the Realm of Zot
 87659 | Zot:1    | Reached skill level 5 in Invocations
 88277 | Zot:1    | Received a gift from Okawaru
 88285 | Zot:1    | Got a dazzling falchion {god gift}
 88286 | Zot:1    | Identified the +5 falchion "Aweppij" {slice, rC+ MP+9
                  | Int+5} (Okawaru gifted it to you on level 1 of the Realm of
                  | Zot)
 88927 | Zot:2    | Reached skill level 27 in Armour
 89175 | Zot:2    | Reached skill level 5 in Stealth
 89240 | Zot:2    | Noticed an orb of fire
 89258 | Zot:2    | HP: 10/300 [orb of fire/fireball (22)]
 89271 | Zot:2    | Killed an orb of fire
 89271 | Zot:2    | Received a gift from Okawaru
 89298 | Zot:2    | HP: 10/300 [golden dragon/bolt of fire (27)]
 89301 | Zot:2    | Killed from afar by a golden dragon

Skill      XL: |  1  2  3  4  5  6  7  8  9 10 11 12 13 14 15 16 17 18 19 20 21 22 23 24 25 26 27 |
---------------+----------------------------------------------------------------------------------+-----
Shields        | 4 5 7 8 10 12 14 15 17 19 21 22 23 25 26 27 | 27.0
Armour         | 4 5 6 7 8 9 10 11 12 13 14 15 16 17 18 19 20 21 22 24 27 | 27.0
Fighting       | 4 5 6 7 9 10 11 12 13 14 15 16 17 18 19 20 21 23 24 26 27 | 27.0
Long Blades    | 3 5 7 8 10 12 14 15 16 17 18 19 20 21 22 23 24 26 27 | 27.0
Dodging        | 1 2 3 4 5 6 7 8 9 10 13 | 13.5
Evocations     | 2 3 4 5 |  5.2
Stealth        | 1 2 3 5 |  5.5
Invocations    | 1 2 3 4 5 |  5.2

Action                   |  1- 3 |  4- 6 |  7- 9 | 10-12 | 13-15 | 16-18 | 19-21 | 22-24 | 25-27 || total
-------------------------+-------+-------+-------+-------+-------+-------+-------+-------+-------++-------
Melee: Long sword        |    66 |    96 |   384 |    65 |   614 |   916 |    39 |       |       ||  2180
       Headbutt          |    12 |    21 |    74 |   120 |   497 |   647 |   735 |   770 |   724 ||  3600
       Scimitar          |       |       |       |   596 |  1022 |  1087 |  1763 |  1790 |  1228 ||  7486
       Eudemon blade     |       |       |       |       |       |    29 |    20 |       |   512 ||   561
Invok: Heroism           |       |       |     1 |     2 |    13 |    14 |     8 |     3 |     3 ||    44
       Finesse           |       |       |       |       |     1 |     1 |       |       |     1 ||     3
 Abil: Evoke Flight      |       |       |       |       |     3 |     3 |       |       |       ||     6
Evoke: Wand              |       |     4 |     4 |    10 |    11 |    13 |     4 |     6 |     5 ||    57
  Use: Scroll            |       |       |    15 |     5 |    14 |    16 |     8 |     6 |    10 ||    74
       Potion            |       |       |       |     1 |     4 |     8 |     1 |     4 |    18 ||    36
 Stab: Confused          |       |       |       |       |       |       |       |       |     3 ||     3
  Eat: Chunk             |     8 |     8 |    10 |    17 |    35 |    49 |    42 |    36 |    28 ||   233
       Ration            |       |       |       |     1 |     4 |     5 |     1 |     4 |     6 ||    21
Armor: Scale mail        |    10 |       |       |       |       |       |       |       |       ||    10
       Chain mail        |    17 |    31 |       |       |       |       |       |       |       ||    48
       Plate armour      |       |     4 |   218 |   223 |   527 |  1132 |   494 |   677 |   779 ||  4054
Dodge: Dodged            |    19 |    17 |    77 |   110 |   343 |   688 |   419 |   567 |  1000 ||  3240
Block: Shield            |    36 |    41 |   238 |   489 |  1463 |  2410 |  1556 |  1879 |  2126 || 10238
       Rpst.: Long sword |     5 |     3 |    17 |     4 |    37 |    55 |     1 |       |       ||   122
       Scimitar          |       |       |       |    29 |    45 |    77 |    80 |   122 |   135 ||   488
       Eudemon blade     |       |       |       |       |       |     1 |       |       |    38 ||    39
